BSA
SO CAL BRUINS @ SPRINGFIELD STARS
11/02/2028
 
TOP OF THE 1ST
So Cal Bruins batting - Pitching for Springfield Stars : RHP Claudio Martínez
Pitching: RHP Claudio Martínez
Batting: LHB Jesús Campos 0-0: Ground out 3-1 (Groundball, 34)
Batting: RHB Lawrence Schroeder 0-0: Called Strike
0-1: Ball
1-1: Ground out 3-1 (Groundball, 34)
Batting: RHB Earl Wiggins 0-0: Fly out, F9 (Flyball, 9S)
Top of the 1st over - 0 run(s), 0 hit(s), 0 error(s), 0 left on base; So Cal 0 - Springfield 0
BOTTOM OF THE 1ST
Springfield Stars batting - Pitching for So Cal Bruins : RHP Jeffrey King
Pitching: RHP Jeffrey King
Batting: LHB Jesús Tobías 0-0: Ball
1-0: Fly out, F6 (Flyball, 56D)
Batting: RHB Norberto Taváres 0-0: Ball
1-0: Called Strike
1-1: Ball
2-1: Foul Ball, location: 2F
2-2: Ball
3-2: SINGLE (Line Drive, 56D)
Batting: LHB Derek Davidson 0-0: Ball
1-0: Foul Ball, location: 2F
1-1: Ball
2-1: Ball
3-1: Base on Balls
Norberto Taváres to second
Batting: LHB Felipe Guerrero 0-0: Ball
1-0: Called Strike
1-1: Called Strike
1-2: Ball
2-2: Ball
3-2: 3-RUN HOME RUN (Flyball, 89XD), Distance : 417 ft
Batting: LHB Elliott Newell 0-0: Ball
1-0: Ball
2-0: Ball
3-0: Called Strike
3-1: Foul Ball, location: 2F
3-2: Ground out 3-1 (Groundball, 3S)
Batting: SHB Shane Hutchinson 0-0: Ball
1-0: Called Strike
1-1: Ball
2-1: Ball
3-1: Base on Balls
Batting: RHB Calvin Bennett 0-0: Ball
1-0: Called Strike
1-1: Ball
Shane Hutchinson is caught stealing 2nd base
Bottom of the 1st over - 3 run(s), 2 hit(s), 0 error(s), 0 left on base; So Cal 0 - Springfield 3
TOP OF THE 2ND
So Cal Bruins batting - Pitching for Springfield Stars : RHP Claudio Martínez
Batting: LHB José Antonio Santiago 0-0: Foul Ball, location: 2F
0-1: Called Strike
0-2: Strikes out swinging
Batting: RHB Rubén Calderón 0-0: Called Strike
0-1: Swinging Strike
0-2: Fly out, F7 (Flyball, 78D)
Batting: LHB Kiyonaga Morita 0-0: Ball
1-0: Swinging Strike
1-1: Called Strike
1-2: SOLO HOME RUN (Flyball, 8LXD) (Inside the Park)
Batting: LHB Jeff Carter 0-0: Called Strike
0-1: Called Strike
0-2: Ball
1-2: Foul Ball, location: 2F
1-2: Strikes out looking
Top of the 2nd over - 1 run(s), 1 hit(s), 0 error(s), 0 left on base; So Cal 1 - Springfield 3
BOTTOM OF THE 2ND
Springfield Stars batting - Pitching for So Cal Bruins : RHP Jeffrey King
Batting: RHB Calvin Bennett 0-0: Ball
1-0: Fly out, F8 (Line Drive, 8RXD)
Batting: LHB Ryan Drake 0-0: Ball
1-0: Called Strike
1-1: Ground out 3-1 (Groundball, 34)
Batting: RHB Will Sterling 0-0: Ball
1-0: Called Strike
1-1: Ball
2-1: SINGLE (Groundball, 56D)
Batting: LHB Jesús Tobías 0-0: Foul Ball, location: 2F
0-1: SINGLE (Groundball, 6MD)
Will Sterling to second
Batting: RHB Norberto Taváres 0-0: Ball
1-0: Ball
2-0: Foul Ball, location: 2F
2-1: Called Strike
2-2: Ball
3-2: Foul Ball, location: 2F
3-2: Fly out, F9 (Flyball, 9)
Bottom of the 2nd over - 0 run(s), 2 hit(s), 0 error(s), 2 left on base; So Cal 1 - Springfield 3
TOP OF THE 3RD
So Cal Bruins batting - Pitching for Springfield Stars : RHP Claudio Martínez
Batting: RHB Eugene Gill 0-0: Hit by Pitch
Batting: LHB Phil Smith 0-0: Swinging Strike
0-1: Ball
1-1: Ball
2-1: Foul Ball, location: 2F
2-2: Ball
3-2: Foul Ball, location: 2F
3-2: Grounds into double play, 4-6-3 (Groundball, 4M)
Batting: LHB Jesús Campos 0-0: Ground out 3-1 (Groundball, 34)
Top of the 3rd over - 0 run(s), 0 hit(s), 0 error(s), 0 left on base; So Cal 1 - Springfield 3
BOTTOM OF THE 3RD
Springfield Stars batting - Pitching for So Cal Bruins : RHP Jeffrey King
Batting: LHB Derek Davidson 0-0: Ball
1-0: Foul Ball, location: 2F
1-1: Foul Ball, location: 2F
1-2: Foul Ball, location: 2F
1-2: Ball
2-2: Ball
3-2: Foul Ball, location: 2F
3-2: DOUBLE (Line Drive, 8RXD)
Batting: LHB Felipe Guerrero 0-0: Ball
1-0: Ball
2-0: SINGLE (Line Drive, 56)
Derek Davidson to third
Batting: LHB Elliott Newell 0-0: Foul Ball, location: 2F
0-1: Ball
1-1: Ball
2-1: Fly out, F8 (Flyball, 8RD)
Runner from 3rd tags up, SCORES, no throw
Batting: SHB Shane Hutchinson 0-0: Ball
1-0: Fly out, F4 (Popup, 4D)
Batting: RHB Calvin Bennett 0-0: Ball
1-0: Ball
2-0: Called Strike
2-1: Called Strike
2-2: Strikes out swinging
Bottom of the 3rd over - 1 run(s), 2 hit(s), 0 error(s), 1 left on base; So Cal 1 - Springfield 4
TOP OF THE 4TH
So Cal Bruins batting - Pitching for Springfield Stars : RHP Claudio Martínez
Batting: RHB Lawrence Schroeder 0-0: Ball
1-0: Called Strike
1-1: SINGLE (Line Drive, 8RS)
Batting: RHB Earl Wiggins 0-0: Called Strike
0-1: Called Strike
0-2: Strikes out swinging
Batting: LHB José Antonio Santiago 0-0: Ball
1-0: Called Strike
1-1: Ball
2-1: DOUBLE (Line Drive, 89D)
Lawrence Schroeder to third
Runner from 3rd tries for Home, SAFE, no throw
Batting: RHB Rubén Calderón 0-0: Called Strike
José Antonio Santiago steals 3rd base
0-1: Ball
1-1: Foul Ball, location: 2F
1-2: Fly out, F7 (Flyball, 78S)
Batting: LHB Kiyonaga Morita 0-0: Called Strike
0-1: Ball
1-1: Called Strike
1-2: Strikes out swinging
Top of the 4th over - 1 run(s), 2 hit(s), 0 error(s), 1 left on base; So Cal 2 - Springfield 4
BOTTOM OF THE 4TH
Springfield Stars batting - Pitching for So Cal Bruins : RHP Jeffrey King
Batting: LHB Ryan Drake 0-0: Ball
1-0: Ball
2-0: Called Strike
2-1: Swinging Strike
2-2: Ground out U3 (Groundball, 34)
Batting: RHB Will Sterling 0-0: Ball
1-0: Ball
2-0: Called Strike
2-1: Foul Ball, location: 2F
2-2: Ball
3-2: Base on Balls
Batting: LHB Jesús Tobías 0-0: Ball
1-0: Foul Ball, location: 2F
1-1: SINGLE (Line Drive, 4MD)
Will Sterling to second
Batting: RHB Norberto Taváres 0-0: Called Strike
0-1: Foul Ball, location: 2F
0-2: Ball
1-2: Foul Ball, location: 2F
1-2: Ball
2-2: Ball
3-2: Ground out 5-3 (Groundball, 56S)
Will Sterling to third
Jesús Tobías to second
Batting: LHB Derek Davidson 0-0: Ball
1-0: Called Strike
1-1: Swinging Strike
1-2: Ball
2-2: Ball
3-2: Strikes out looking
Bottom of the 4th over - 0 run(s), 1 hit(s), 0 error(s), 2 left on base; So Cal 2 - Springfield 4
TOP OF THE 5TH
So Cal Bruins batting - Pitching for Springfield Stars : RHP Claudio Martínez
Batting: LHB Jeff Carter 0-0: Called Strike
0-1: Ball
1-1: Foul Ball, location: 2F
1-2: SOLO HOME RUN (Flyball, 9LD), Distance : 327 ft
Batting: RHB Eugene Gill 0-0: Called Strike
0-1: Ground out 6-3 (Groundball, 6)
Batting: LHB Phil Smith 0-0: Called Strike
0-1: Ball
1-1: Ball
2-1: Ground out 5-3 (Groundball, 25)
Batting: LHB Jesús Campos 0-0: Called Strike
0-1: Ball
1-1: Called Strike
1-2: Fly out, F7 (Flyball, 78M)
Top of the 5th over - 1 run(s), 1 hit(s), 0 error(s), 0 left on base; So Cal 3 - Springfield 4
BOTTOM OF THE 5TH
Springfield Stars batting - Pitching for So Cal Bruins : RHP Jeffrey King
Pitching: LHP Jim Sheppard
Batting: LHB Felipe Guerrero 0-0: Ball
1-0: Foul Ball, location: 2F
1-1: SINGLE (Groundball, 4MD)
Batting: LHB Elliott Newell 0-0: Ball
1-0: Ball
2-0: Called Strike
2-1: Foul Ball, location: 2F
2-2: Strikes out swinging
Batting: SHB Shane Hutchinson 0-0: Ball
1-0: Called Strike
1-1: Foul Ball, location: 2F
1-2: Ball
2-2: Ball
3-2: Base on Balls
Felipe Guerrero to second
Batting: RHB Calvin Bennett 0-0: Called Strike
Felipe Guerrero steals 3rd base
Shane Hutchinson to second
0-1: Ball
1-1: Intentional Walk
Batting: LHB Ryan Drake 0-0: Swinging Strike
0-1: Ball
1-1: Called Strike
1-2: Ball
2-2: Ball
3-2: Foul Ball, location: 2F
3-2: Strikes out swinging
Batting: RHB Will Sterling 0-0: Ball
1-0: Foul Ball, location: 2F
1-1: Ball
2-1: Ball
3-1: Called Strike
3-2: Foul Ball, location: 2F
3-2: Ground out 1-3 (Groundball, 13)
Bottom of the 5th over - 0 run(s), 1 hit(s), 0 error(s), 3 left on base; So Cal 3 - Springfield 4
TOP OF THE 6TH
So Cal Bruins batting - Pitching for Springfield Stars : RHP Claudio Martínez
Batting: RHB Lawrence Schroeder 0-0: Foul Ball, location: 2F
0-1: SOLO HOME RUN (Flyball, 89XD), Distance : 404 ft
Batting: RHB Earl Wiggins 0-0: Called Strike
0-1: Ball
1-1: Foul Ball, location: 2F
1-2: Fly out, F7 (Flyball, 7LMF)
Batting: LHB José Antonio Santiago 0-0: Swinging Strike
0-1: Foul Ball, location: 2F
0-2: Ball
1-2: Ball
2-2: Foul Ball, location: 2F
2-2: Ball
3-2: Foul Ball, location: 2F
3-2: Foul Ball, location: 2F
3-2: Foul Ball, location: 2F
3-2: Ground out 1-3 (Groundball, 13S)
Batting: RHB Rubén Calderón 0-0: Called Strike
0-1: Ball
1-1: Foul Ball, location: 2F
1-2: Strikes out swinging
Top of the 6th over - 1 run(s), 1 hit(s), 0 error(s), 0 left on base; So Cal 4 - Springfield 4
BOTTOM OF THE 6TH
Springfield Stars batting - Pitching for So Cal Bruins : LHP Jim Sheppard
Batting: LHB Jesús Tobías 0-0: Ground out 4-3 (Groundball, 34)
Batting: RHB Norberto Taváres 0-0: Called Strike
0-1: Ball
1-1: Ball
2-1: Ball
3-1: Foul Ball, location: 2F
3-2: Ground out 5-3 (Groundball, 56)
Batting: LHB Derek Davidson 0-0: Ball
1-0: Called Strike
1-1: Ball
2-1: Called Strike
2-2: SINGLE (Groundball, 34D)
Batting: LHB Felipe Guerrero 0-0: Ball
1-0: Called Strike
1-1: Swinging Strike
1-2: Fly out, F8 (Flyball, 8RM)
Bottom of the 6th over - 0 run(s), 1 hit(s), 0 error(s), 1 left on base; So Cal 4 - Springfield 4
TOP OF THE 7TH
So Cal Bruins batting - Pitching for Springfield Stars : RHP Claudio Martínez
Batting: LHB Kiyonaga Morita 0-0: Ball
1-0: Ball
2-0: Foul Ball, location: 2F
2-1: Ball
3-1: Foul Ball, location: 2F
3-2: Foul Ball, location: 2F
3-2: Hit by Pitch
Batting: LHB Jeff Carter 0-0: Called Strike
0-1: Ball
1-1: Ball
2-1: Ball
3-1: Base on Balls
Kiyonaga Morita to second
Pinch Hitting: LHB Patrick Osborne 0-0: SINGLE (Line Drive, 9LS)
Kiyonaga Morita to third
Jeff Carter to second
Runner from 3rd tries for Home, SAFE, throw made home
Jeff Carter to third
Patrick Osborne to second
Pitching: LHP Shan Liu
Pinch Hitting: RHB Morgan Gibbon 0-0: Swinging Strike
0-1: Ball
1-1: Ball
2-1: Fly out, F9 (Flyball, 9S)
Batting: LHB Jesús Campos 0-0: Ball
1-0: Called Strike
1-1: Ball
2-1: Fly out, F9 (Line Drive, 89D)
Runner from 3rd tags up, SCORES, no throw
Batting: RHB Lawrence Schroeder 0-0: Ball
1-0: Called Strike
1-1: Foul Ball, location: 2F
1-2: Foul Ball, location: 2F
1-2: Foul Ball, location: 2F
1-2: Strikes out looking
Top of the 7th over - 2 run(s), 1 hit(s), 0 error(s), 1 left on base; So Cal 6 - Springfield 4
BOTTOM OF THE 7TH
Springfield Stars batting - Pitching for So Cal Bruins : LHP Jim Sheppard
Pitching: RHP Masahiko Okada
Now at 3B: Morgan Gibbon
Now in LF: Patrick Osborne
Batting: LHB Elliott Newell 0-0: Ball
1-0: Ball
2-0: Foul Ball, location: 2F
2-1: Ground out U3 (Groundball, 3)
Batting: SHB Shane Hutchinson 0-0: SINGLE (Flyball, 8RS)
Batting: RHB Calvin Bennett 0-0: Called Strike
0-1: Swinging Strike
0-2: Foul Ball, location: 2F
0-2: Ball
1-2: Foul Ball, location: 2F
1-2: Fly out, F4 (Line Drive, 4)
Pitching: LHP Juan Fuentes
Batting: LHB Ryan Drake 0-0: Ball
1-0: Ball
2-0: Ground out U3 (Groundball, 3S)
Bottom of the 7th over - 0 run(s), 1 hit(s), 0 error(s), 1 left on base; So Cal 6 - Springfield 4
TOP OF THE 8TH
So Cal Bruins batting - Pitching for Springfield Stars : LHP Shan Liu
Pitching: RHP Luis Cortéz
Batting: RHB Earl Wiggins 0-0: Foul Ball, location: 2F
0-1: Foul Ball, location: 2F
0-2: Ball
1-2: DOUBLE (Flyball, 89XD)
Batting: LHB José Antonio Santiago 0-0: Swinging Strike
0-1: Foul Ball, location: 2F
0-2: Foul Ball, location: 2F
0-2: Fly out, F8 (Flyball, 8RM)
Batting: RHB Rubén Calderón 0-0: Ball
1-0: Ball
2-0: Foul Ball, location: 2F
2-1: Called Strike
2-2: Strikes out looking
Batting: LHB Kiyonaga Morita 0-0: Called Strike
0-1: Swinging Strike
0-2: Ball
1-2: Strikes out swinging
Top of the 8th over - 0 run(s), 1 hit(s), 0 error(s), 1 left on base; So Cal 6 - Springfield 4
BOTTOM OF THE 8TH
Springfield Stars batting - Pitching for So Cal Bruins : LHP Juan Fuentes
Batting: RHB Will Sterling 0-0: Ball
1-0: Fly out, F8 (Flyball, 89D)
Pitching: RHP Kitahachi Okada
Batting: LHB Jesús Tobías 0-0: Foul Ball, location: 2F
0-1: Ball
1-1: Ball
2-1: Ground out 4-3 (Groundball, 34)
Batting: RHB Norberto Taváres 0-0: Ball
1-0: Ball
2-0: Foul Ball, location: 2F
2-1: Swinging Strike
2-2: Ball
3-2: Base on Balls
Batting: LHB Derek Davidson 0-0: Ball
1-0: Ball
2-0: Fly out, F8 (Flyball, 78XD)
Bottom of the 8th over - 0 run(s), 0 hit(s), 0 error(s), 1 left on base; So Cal 6 - Springfield 4
TOP OF THE 9TH
So Cal Bruins batting - Pitching for Springfield Stars : RHP Luis Cortéz
Batting: LHB Jeff Carter 0-0: Fly out, F9 (Flyball, 9S)
Batting: LHB Patrick Osborne 0-0: Foul Ball, location: 2F
0-1: Ball
1-1: Ball
2-1: Foul Ball, location: 2F
2-2: Foul Ball, location: 2F
2-2: Ball
3-2: Ground out 5-3 (Groundball, 5L)
Batting: RHB Morgan Gibbon 0-0: Ball
1-0: Called Strike
1-1: Ball
2-1: Ball
3-1: Foul Ball, location: 2F
3-2: Base on Balls
Batting: LHB Jesús Campos 0-0: Called Strike
0-1: DOUBLE (Groundball, 3L)
Morgan Gibbon to third
Pitching: RHP José Valdéz
Batting: RHB Lawrence Schroeder 0-0: Ground out 6-3 (Groundball, 6)
Top of the 9th over - 0 run(s), 1 hit(s), 0 error(s), 2 left on base; So Cal 6 - Springfield 4
BOTTOM OF THE 9TH
Springfield Stars batting - Pitching for So Cal Bruins : RHP Kitahachi Okada
Pitching: RHP Marty Burgess
Batting: LHB Felipe Guerrero 0-0: Ball
1-0: Swinging Strike
1-1: Called Strike
1-2: Ground out U3 (Groundball, 3)
Batting: LHB Elliott Newell 0-0: Called Strike
0-1: Foul Ball, location: 2F
0-2: Ground out 6-3 (Groundball, 6)
Batting: SHB Shane Hutchinson 0-0: Called Strike
0-1: Called Strike
0-2: Foul Ball, location: 2F
0-2: Ball
1-2: Foul Ball, location: 2F
1-2: Foul Ball, location: 2F
1-2: Ball
2-2: Strikes out swinging
Bottom of the 9th over - 0 run(s), 0 hit(s), 0 error(s), 0 left on base; So Cal 6 - Springfield 4
Tuesday, August 8th, 2017 - OOTP Baseball 17.12 Build 75